AoeStats
← Star

Black Forest

509636649Analyzed
2v2 RM · 4d ago on Sep 27, 2026· 56m 46s· 4 players
Game mode
Random Map
Map size
Medium (4 player)
Population
200
Speed
Normal
Resources
Standard
Victory
Conquest
Starting age
Dark Age
Ending age
Imperial Age
RankedLock teamsTeams togetherTeam positionsShared explorationLock speedFull tech treeHidden civsTurbo modeCheats
Victory
Defeat
🇹🇷 Bohemians · Türkiye
1001
+16
🇿🇦 Bulgarians · South Africa
978
+17
🇨🇳 Portuguese · China
1026
-18
🇨🇳 Danes · China
972
-15
MintBoar416885
0:33 Loom
14:01 Feudal Age
14:33 Horse Collar
14:43 Double-Bit Axe
21:23 Castle Age
19:32 Gold Mining
20:03 Stone Mining
23:09 Pikeman
23:59 Heavy Plow
25:40 Bow Saw
28:49 Wheelbarrow
27:40 Light Cavalry
29:47 Town Watch
30:22 Caravan
30:50 Hand Cart
30:56 Hand Cart
34:05 Imperial Age
33:23 Forging
33:14 Scale Mail Armor
33:06 Fletching
33:21 Scale Barding Armor
33:44 Gambesons
34:00 Squires
33:46 Arson
34:46 Iron Casting
34:27 Chain Mail Armor
35:38 Hussar
37:37 Blast Furnace
37:04 Conscription
37:11 Stirrups
38:53 Bloodlines
38:52 Bagains
39:57 Crop Rotation
42:04 Chemistry
41:55 Chain Barding Armor
42:06 Plate Mail Armor
43:54 Halberdier
44:39 Husbandry
44:01 Cavalier
51:49 Plate Barding Armor
cc
1:36 Loom
10:58 Feudal Age
11:48 Double-Bit Axe
16:11 Castle Age
14:15 Horse Collar
17:02 Bow Saw
18:00 Heavy Plow
18:48 Fervor
20:45 Sanctity
25:05 Wheelbarrow
28:35 Murder Holes
33:43 Imperial Age
31:33 Hand Cart
33:50 Chemistry
33:11 Fletching
35:09 Ballistics
35:01 Masonry
36:40 Siege Engineers
36:34 Bodkin Arrow
38:00 Two-Man Saw
38:04 Bracer
38:05 Padded Archer Armor
38:47 Architecture
39:51 Leather Archer Armor
40:26 Conscription
39:27 Elite Hussite Wagon
40:13 Wagenburg Tactics
40:52 Ring Archer Armor
40:23 Scale Mail Armor
40:31 Arrowslits
42:45 Hussite Reforms
42:37 Houfnice
44:12 Chain Mail Armor
43:37 Pikeman
44:34 Squires
44:20 Arson
45:17 Caravan
45:48 Coinage
45:23 Halberdier
50:54 Bombard Tower
51:32 Plate Mail Armor
51:35 Banking
子厚
3:36 Loom
14:28 Feudal Age
18:16 Castle Age
16:27 Scale Barding Armor
16:54 Double-Bit Axe
16:52 Horse Collar
18:14 Bloodlines
20:16 Heavy Plow
23:18 Bow Saw
30:24 Imperial Age
28:19 Stone Mining
28:35 Gold Mining
29:05 Fortified Wall
30:18 Atonement
38:14 Conscription
44:17 Chemistry
43:29 Masonry
43:41 Ballistics
44:05 Padded Archer Armor
46:25 Leather Archer Armor
47:25 Wheelbarrow
48:23 Ring Archer Armor
47:45 Fletching
51:11 Bodkin Arrow
Star
0:28 Loom
12:52 Feudal Age
13:19 Double-Bit Axe
13:16 Horse Collar
16:22 Wheelbarrow
16:00 Gold Mining
19:05 Castle Age
20:09 Bow Saw
20:02 Heavy Plow
21:30 Gold Shaft Mining
24:17 Hand Cart
28:03 Imperial Age
26:43 Ballistics
27:03 Squires
27:16 Forging
28:03 Scale Mail Armor
28:48 Heavy Scorpion
31:20 Chemistry
31:00 Redemption
32:14 Northmen's Fury
33:26 Onager
36:04 Sanctity
35:09 Siege Onager
38:01 Siege Engineers
41:57 Capped Ram
42:45 Hamask
43:03 Siege Ram
45:28 Elite Jomsviking
49:52 Pikeman
52:42 Halberdier
55:00 Iron Casting
54:41 Chain Mail Armor
Connection lost

Rejoining the realm…

Still unreachable

The connection could not be restored.

Session expired

The server has moved on; the page needs a fresh start.